 Dungeon Crawl Stone Soup version 0.26-a0-757-g626ac9e51a (console) character file.

Game seed: 2093442266995916035

147 jejorda2 the Chiller (level 5, -2/45 HPs)
             Began as a Draconian Ice Elementalist on Nov 7, 2020.
             Killed by divine providence
             ... invoked by an orc priest
              (13 damage)
             ... on level 3 of the Dungeon.
             The game lasted 00:07:52 (2652 turns).

jejorda2 the Chiller (Draconian Ice Elementalist)   Turns: 2652, Time: 00:07:53

Health: -2/45      AC:  7    Str: 10    XL:     5   Next: 8%
Magic:  2/9        EV: 12    Int: 16    God:
Gold:   149        SH:  0    Dex: 12    Spells: 2/10 levels left

rFire    . . .     SeeInvis .   v - +0 dagger (vamp)
rCold    . . .     Faith    .   (no shield)
rNeg     . . .     Spirit   .   (armour unavailable)
rPois    .         Reflect  .   (helmet restricted)
rElec    .         Harm     .   i - +0 cloak
rCorr    +         Rampage  .   (no gloves)
MR       .....                  h - +0 pair of boots
Stlth    ++........             (no amulet)
HPRegen  0.15/turn              o - ring of resist corrosion
MPRegen  0.11/turn              (no ring)

@: no status effects
A: unfitting armour, cold-blooded, AC +5
a: no special abilities


You were on level 3 of the Dungeon.
You visited 1 branch of the dungeon, and saw 3 of its levels.

You collected 149 gold pieces.

Inventory:

Hand Weapons
 b - a +0 dagger
 c - a cursed +0 dagger
 v - a +0 vampiric dagger (weapon)
Missiles
 k - 22 poisoned darts (quivered)
 l - 8 boomerangs
 n - 34 stones
Armour
 h - a +0 pair of boots (worn)
 i - a +0 cloak (worn)
Jewellery
 o - a ring of resist corrosion (left hand)
Wands
 t - a wand of polymorph (9)
Scrolls
 a - 4 scrolls of fog {unknown}
 d - a scroll of amnesia {unknown}
 f - 4 scrolls of identify {unknown}
 g - a scroll of random uselessness {unknown}
 m - 2 scrolls of teleportation {unknown}
 r - 3 scrolls of remove curse {unknown}
Potions
 e - 2 potions of invisibility {unknown}
 j - a potion of degeneration {unknown}
 p - a potion of flight {unknown}
 q - a potion of heal wounds {unknown}
 s - a potion of magic {unknown}
 u - a potion of cancellation {unknown}


   Skills:
 + Level 3.2 Fighting
 - Level 1.7 Dodging
 - Level 1.7 Stealth
 + Level 3.0 Spellcasting
 + Level 1.0 Summonings
 + Level 4.7 Ice Magic


You had 2 spell levels left.
You knew the following spells:

 Your Spells              Type           Power        Failure   Level
a - Freeze                Ice            ###.         2%          1
b - Frozen Ramparts       Ice            ###...       9%          3
c - Summon Ice Beast      Ice/Summ       ##......     50%         4

Your spell library contained the following spells:

 Spells                   Type           Power        Failure   Level
 Ozocubu's Armour         Ice            ###.....     9%          3
 Hailstorm                Conj/Ice       #.......     56%         4


Dungeon Overview and Level Annotations

Branches:
Dungeon (3/15)

Altars:

Annotations:
D:2 1 exclusion, Sigmund


Innate Abilities, Weirdness & Mutations

Your plain brown scales are hard. (AC +5)
You cannot fit into any form of body armour.
You are cold-blooded and may be slowed by cold attacks.


Message History

You kill the orc priest!
Your Spellcasting skill increases to level 3!
Your Summonings skill increases to level 1!
You have reached level 5!
The wall freezes the orc priest.
The wall freezes the orc.
You hit the orc.
You feel better.
The orc is severely wounded.
The wall freezes the orc.
The orc hits you but does no damage.
You hit the orc.
You kill the orc!
The wall freezes the orc priest.
You hit the orc priest but do no damage.
The orc priest is heavily wounded.
The frozen ramparts melt away.
The orc priest barely misses you.
You closely miss the orc priest.
The orc priest is heavily wounded.
The orc priest invokes the aid of Beogh against you.
Beogh smites you!
You die...

... ### o. ### ..#####
oo ... #.....# #.
#.###.....# #.
#.........
######.###.###..####.#
.......?.....)†......#
######'###...#o....#.
.......o#.#@###.#
.........#.#.#
.?.........#.#.#
...........#.#..
...........#.###
...........#.# #.#.
........#.#######.#...
.. #.......#.##..#
...#######.#.##...


You could see an orc priest.

Vanquished Creatures
  An orc priest (D:3)
  Ijyb (D:3)
  Robin (D:1)
  An ooze (D:1)
  2 worms (D:2)
  A leopard gecko (D:2)
  3 orcs (D:3)
  6 giant cockroaches
  16 goblins
  9 hobgoblins
  5 jackals
  4 bats (D:1)
  4 frilled lizards
  3 kobolds
  6 rats
63 creatures vanquished.

Vanquished Creatures (others)
  4 fungi (D:2)
  3 plants (D:2)
7 creatures vanquished.

Grand Total: 70 creatures vanquished

Notes
Turn   | Place    | Note
-------+----------+-------------------------------------------
     0 | D:1      | jejorda2 the Draconian Ice Elementalist began the quest for
                  | the Orb.
     0 | D:1      | Reached XP level 1. HP: 14/14 MP: 3/3
   151 | D:1      | Reached skill level 1 in Fighting
   156 | D:1      | Reached XP level 2. HP: 23/23 MP: 0/5
   909 | D:1      | Reached XP level 3. HP: 29/29 MP: 6/6
   914 | D:1      | Learned a level 3 spell: Frozen Ramparts
  1116 | D:2      | Noticed Sigmund
  1641 | D:2      | Noticed Robin
  1742 | D:1      | Killed Robin
  1829 | D:2      | Reached XP level 4. HP: 37/37 MP: 7/7
  2111 | D:2      | Learned a level 4 spell: Summon Ice Beast
  2330 | D:3      | Noticed Ijyb
  2340 | D:3      | Killed Ijyb
  2647 | D:3      | Reached skill level 1 in Summonings
  2647 | D:3      | Reached XP level 5. HP: 9/45 MP: 1/9
  2652 | D:3      | Killed from afar by an orc priest

Illustrated notes

Levels and vault maps discovered:
D:1:      matt_arrival_los_fun, layout_rooms, minmay_cut_off
D:2:      layout_basic, grunt_temple_overflow_forces_of_nature,
          kennysheep_minor_cross, minmay_misc_feat_pillars, uniq_sigmund,
          uniq_robin
D:3:      layout_basic, gammafunk_temple_overflow_elements,
          kennysheep_generic_room_11, uniq_ijyb, uniq_crazy_yiuf_cottage,
          uniq_natasha

Skill      XL: |  1  2  3  4 |
---------------+-------------+-----
Fighting       | 1 2 3 |  3.2
Spellcasting   | 3 |  3.0
Summonings     | 1 |  1.0
Dodging        | |  1.7
Stealth        | |  1.7
Ice Magic      | |  4.7

Action                   |  1- 3 |  4- 6 || total
-------------------------+-------+-------++-------
Melee: Unarmed           |     7 |       ||     7
       Dagger            |    39 |    38 ||    77
       Tailslap          |     5 |     1 ||     6
Throw: Dart              |     5 |     2 ||     7
 Cast: Freeze            |    53 |    11 ||    64
       Frozen Ramparts   |     1 |     4 ||     5
 Stab: Sleeping          |     6 |     1 ||     7
       Distracted        |     1 |       ||     1
Armor: Skin              |    27 |    14 ||    41
Dodge: Dodged            |    53 |    26 ||    79

Table legend: (Time is in decaauts)
 A = Elapsed time spent in this place.
 B = Non-inter-level travel time spent in this place.
 C = Inter-level travel time spent in this place.
 D = Time resting spent in this place.
 E = Time spent auto-exploring this place.
 F = Levels seen in this place.
 G = Mean time per level.
                   A        B        C        D        E       F      G
               +--------+--------+--------+--------+--------+-----+--------+
         Total |   2662 |   2542 |    120 |     83 |   1979 |   3 |  887.3 |
       Dungeon |   2662 |   2542 |    120 |     83 |   1979 |   3 |  887.3 |
               +--------+--------+--------+--------+--------+-----+--------+

Top non-repeatable levels by time:
     D:1: 1271 daAuts
     D:2: 1069 daAuts
     D:3: 322 daAuts
